 Dungeon Crawl Stone Soup version 0.29.0-11-gd7f09526c8 (webtiles) character file.

Game seed: 3934903657785999674

523 howech the Firebug (level 7, -1/36 HPs)
             Began as a Gargoyle Fire Elementalist on Sept 5, 2022.
             Slain by a troll (12 damage)
             ... on level 5 of the Dungeon on Sept 6, 2022.
             The game lasted 00:20:19 (5708 turns).

howech the Firebug (Gargoyle Fire Elementalist)     Turns: 5708, Time: 00:20:20

Health: -1/36      AC:  7    Str: 11    XL:     7   Next: 22%
Magic:  8/11       EV: 12    Int: 18    God:
Gold:   335        SH:  0    Dex: 10    Spells: 9/12 levels left

rFire   . . .      SeeInvis .   a - +0 flail
rCold   . . .      Faith    .   (no shield)
rNeg    + . .      Spirit   .   r - +0 robe
rPois   ∞          Reflect  .   (no helmet)
rElec   +          Harm     .   (no cloak)
rCorr   .          Rampage  .   q - +0 pair of gloves
Will    .....                   (no boots)
Stlth   ++........              (no amulet)
HPRegen 0.12/turn               (no ring)
MPRegen 0.12/turn               (no ring)

@: no status effects
A: sickness immunity, AC +4, negative energy resistance 1, electricity
resistance, torment resistance 1, petrification resistance
a: no special abilities


You were on level 5 of the Dungeon.
You visited 1 branch of the dungeon, and saw 5 of its levels.

You collected 335 gold pieces.

Inventory:

Hand Weapons
 a - a +0 flail (weapon)
Missiles
 h - 5 poisoned darts
 s - a throwing net
Armour
 j - a +2 pair of gloves
 q - a +0 pair of gloves (worn)
 r - a +0 robe (worn)
Jewellery
 g - a ring of willpower
Wands
 p - a wand of polymorph (9)
Scrolls
 b - a scroll of teleportation
 c - a scroll of magic mapping
 e - 3 scrolls of identify
 m - a scroll of enchant weapon
Potions
 d - a potion of curing
 f - a potion of ambrosia
 i - 2 potions of berserk rage
 k - a potion of haste
 l - a potion of invisibility
 n - 3 potions of lignification
 o - a potion of flight
 t - a potion of mutation {unknown}


   Skills:
 + Level 3.0 Dodging
 + Level 4.1 Stealth
 + Level 3.2 Spellcasting
 + Level 3.3 Conjurations
 * Level 5.1 Fire Magic


You had 9 spell levels left.
You knew the following spells:

 Your Spells              Type           Power      Damage    Failure   Level
a - Foxfire               Conj/Fire      72%        2x1d7     2%          1
b - Scorch                Fire           42%        2d7       3%          2

Your spell library contained the following spells:

 Spells                   Type           Power      Damage    Failure   Level
 Conjure Flame            Conj/Fire      18%        6-21      9%          3
 Inner Flame              Hex/Fire       12%        N/A       17%         3
 Flame Wave               Conj/Fire      18%        2d7       26%         4


Dungeon Overview and Level Annotations

Branches:
Dungeon (5/15)
 Temple: D:4-7

Altars:
Hepliaklqana

Shops:
D:1 *


Innate Abilities, Weirdness & Mutations

You are immune to sickness and miasma.
Your stone body is resilient. (AC +4)
You are immune to poison.
You resist negative energy. (rN+)
You are resistant to electric shocks. (rElec)
You are resistant to unholy torment.
You are immune to petrification.


Message History

Your foxfire dissipates!
The foxfire hits the worm.
The worm is moderately wounded.
The foxfire hits the worm.
The worm is heavily wounded.
Your foxfire dissipates! x2
Casting: Foxfire (safe; 2% risk of failure)
Confirm with . or Enter, or press ? or * to list all spells.
You conjure some foxfire!
Casting: Foxfire (safe; 2% risk of failure)
Confirm with . or Enter, or press ? or * to list all spells.
You conjure some foxfire!
The foxfire hits the worm.
The worm is heavily wounded.
Unknown command.
The foxfire hits the worm!
The worm is almost dead.
The foxfire hits the worm!
You kill the worm!
Casting: Foxfire (safe; 2% risk of failure)
Confirm with . or Enter, or press ? or * to list all spells.
You don't know that spell.
Your foxfire dissipates!
You start resting.
Magic restored.
You see here a worm corpse.
The troll shouts!
Casting: Foxfire (safe; 2% risk of failure)
Confirm with . or Enter, or press ? or * to list all spells.
Flames lash the troll but do no damage.
The troll attacks as you move away! The troll bites you.
The troll closely misses you. The troll misses you.
You see here a worm corpse.
Unknown command.
Casting: Scorch (safe; 3% risk of failure)
Confirm with . or Enter, or press ? or * to list all spells.
Flames lash the troll.
The troll is moderately wounded.
The troll's fire resistance burns away.
The troll bites you! The troll claws you! x2
You die...

#..............≈≈≈≈≈.
######....<.......... ###
#.........###### ..#
####............... ..#
#............###### 5.#
#............# ..###
#......>###### ..T.#
#..)..#### .##w# #.@......#
..#.###########T..####.#####
#.#.#.........†.#.##.......#
#.....###########..).#.###.#
.#.>..........########.###.#
.'............+........#...#
.####.........##########.###
. #.........# #.####
########### #....#


You could see a troll (combustible).

Vanquished Creatures
  Menkaure (D:5)
  2 phantoms (D:4)
  2 hounds (D:5)
  A jelly (D:3)
  Ijyb (D:4)
  3 gnolls (D:5)
  4 adders
  A white imp (D:5)
  2 ufetubi
  3 worms
  3 dart slugs
  3 orcs
  2 endoplasms
  3 giant cockroaches
  6 goblins
  3 hobgoblins
  3 jackals (D:4)
  5 kobolds
  4 quokkas
  10 ball pythons
  6 bats
  A frilled lizard (D:1)
  4 rats
73 creatures vanquished.

Vanquished Creatures (collateral kills)
  A foxfire (D:3)
1 creature vanquished.

Vanquished Creatures (others)
  198 foxfires
  4 plants (D:3)
202 creatures vanquished.

Grand Total: 276 creatures vanquished

Notes
Turn   | Place    | Note
-------+----------+-------------------------------------------
     0 | D:1      | howech the Gargoyle Fire Elementalist began the quest for
                  | the Orb.
     0 | D:1      | Reached XP level 1. HP: 10/10 MP: 3/3
    10 | D:1      | Found Nachuver's Assorted Antiques.
    77 | D:1      | Found a faded altar of an unknown god.
   507 | D:1      | Reached XP level 2. HP: 15/15 MP: 3/5
   518 | D:1      | Learned a level 2 spell: Scorch
  1208 | D:2      | Reached XP level 3. HP: 18/19 MP: 0/6
  1960 | D:3      | Reached XP level 4. HP: 21/24 MP: 2/7
  2560 | D:3      | Found a hazy altar of Hepliaklqana.
  3202 | D:4      | Noticed a phantom
  3215 | D:4      | Killed a phantom
  3216 | D:4      | Reached skill level 4 in Fire Magic
  3216 | D:4      | Reached XP level 5. HP: 17/28 MP: 0/8
  3398 | D:4      | Noticed a phantom
  3439 | D:4      | Killed a phantom
  3440 | D:4      | Reached XP level 6. HP: 12/32 MP: 6/10
  3917 | D:4      | Noticed Ijyb
  3957 | D:4      | Killed Ijyb
  4538 | D:5      | Entered Level 5 of the Dungeon
  4776 | D:5      | Noticed Menkaure
  4810 | D:5      | Killed Menkaure
  4811 | D:5      | Reached skill level 5 in Fire Magic
  4811 | D:5      | Reached XP level 7. HP: 7/36 MP: 9/11
  5416 | D:5      | Noticed a troll
  5708 | D:5      | Slain by a troll

Illustrated notes

Levels and vault maps discovered:
D:1:      saegor_arrival_simple_a, layout_loops_ring, serial_shops, shop,
          nicolae_ecumenical_snake_handling
D:2:      layout_basic, chequers_serial_rivers_micro_c, skrybe_limestone_x
D:3:      layout_loops_corners, nicolae_hepliaklqana_hazy_memory,
          chequers_serial_rivers_small_b
D:4:      layout_gridville, chequers_serial_rivers_room_b, minivault_5,
          uniq_ijyb
D:5:      layout_basic, minmay_temple_entry_glass, grunt_decor_junction,
          uniq_menkaure, uniq_crazy_yiuf_cottage

Skill      XL: |  1  2  3  4  5  6  7 |
---------------+----------------------+-----
Dodging        | 2 3 |  3.0
Conjurations   | 2 3 |  3.3
Stealth        | 3 4 |  4.1
Fire Magic     | 4 5 |  5.1
Spellcasting   | 3 |  3.2

Action                   |  1- 3 |  4- 6 |  7- 9 || total
-------------------------+-------+-------+-------++-------
Melee: Unarmed           |    11 |    11 |       ||    22
       Flail             |       |     6 |       ||     6
 Cast: Foxfire           |    47 |    56 |    19 ||   122
       Scorch            |     1 |    27 |     3 ||    31
  Use: Scroll            |     8 |     5 |       ||    13
       Potion            |       |     3 |       ||     3
Armor: Robe              |    13 |    35 |       ||    48
Dodge: Dodged            |    17 |    51 |     3 ||    71
